 Dungeon Crawl Stone Soup version 0.31.0-11-ge490571c62 (webtiles) character file.

Game seed: 17551747152239945026

29 Gadfly the Ruffian (level 3, 16/26 HPs)
             Began as a Demonspawn Shapeshifter on Jan 27, 2024.
             Quit the game on level 1 of the Dungeon.
             The game lasted 00:00:49 (761 turns).

Gadfly the Ruffian (Demonspawn Shapeshifter)         Turns: 761, Time: 00:00:50

Health: 16/26      AC:  2    Str: 16    XL:     3   Next: 1%
Magic:  3/3        EV: 12    Int: 10    God:
Gold:   39         SH:  0    Dex: 12    Spells: 2/2 levels left

rFire   . .          .
                       - Unarmed
rCold   . . .        (no shield)
rNeg    . . .        a - +0 animal skin
rPois   .            (helmet currently unavailable)
rElec   .            (cloak currently unavailable)
rCorr   .            (gloves currently unavailable)
SInv    .            (boots currently unavailable)
Will    .....        (no amulet)
Stlth   +            (no ring)
HPRegen 0.24/turn    (no ring)
MPRegen 0.08/turn

%: no passive effects
@: beast-form
A: beast (slay +1), antennae 1, powered by pain 1
a: Begin Untransformation


You were on level 1 of the Dungeon.
You were a hulking beast.
You visited 1 branch of the dungeon, and saw 1 of its levels.

You collected 39 gold pieces.

Inventory:

Armour
 a - a +0 animal skin (worn)
Talismans
 c - a beast talisman
 d - a flux talisman
Scrolls
 i - a scroll of teleportation
Potions
 b - a potion of lignification
 e - a potion of resistance {unknown}
 f - a potion of curing
 g - a potion of enlightenment {unknown}


   Skills:
 + Level 1.4 Fighting
 * Level 2.2 Dodging
 + Level 2.9 Unarmed Combat
 * Level 1.1 Evocations
 + Level 2.8 Shapeshifting


You had 2 spell levels left.
You didn't know any spells.
Your spell library was empty.

Dungeon Overview and Level Annotations

Branches:
Dungeon (1/15)

Altars:

Shops:
D:1 (


Innate Abilities, Weirdness & Mutations

You are a hulking beast.
Your limbs bulge with bestial killing power. (Slay +1)
You have a pair of small antennae on your head.
You sometimes gain a little power by taking damage.


Message History

The kobold closely misses you. The kobold barely misses you.
The kobold hits the bush but does no damage.
You hit the kobold.
You kill the kobold!
The kobold hits you but does no damage.
You hit the kobold.
You kill the kobold!
The kobold hits you with a +0 short sword.
You barely miss the kobold.
The kobold hits you with a +0 short sword.
The kobold hits you with a +0 whip.
You hit the kobold.
You kill the kobold!
The kobold hits you with a +0 short sword.
You closely miss the kobold.
The frilled lizard hisses angrily.
You punch the kobold!
You kill the kobold!
Items here: ( )))) †.
A rat comes into view.
A rat comes into view.
The frilled lizard closely misses you.
You closely miss the frilled lizard. The frilled lizard barely misses you.
The rat squeaks loudly. x2
You hit the frilled lizard.
You kill the frilled lizard!
The rat closely misses you.
You completely miss the rat. The rat misses you.
You hit the rat.
You kill the rat!
You have reached level 3!
Your experience leads to an increase in your attributes!
Increase (S)trength, (I)ntelligence, or (D)exterity?
You feel stronger. x2; Your demonic ancestry asserts itself...
You feel energised by your suffering.
You barely miss the rat. The rat bites you.
You barely miss the rat. The rat misses you.
You hit the rat.
You kill the rat!
Are you sure you want to abandon this character and quit the game? (Confirm with "yes".)

#####..# ***,PP#♣###.##.####
......## ***P...##♣###..#.####
....### *,*P...PP#####...####
...†# **#P###.P#######.#####
.)..#######* #P...PP♣#+..........
...........*##.....P♣######.#####
...........*♣.....!.♣######>####.
###.......r*♣~..§†..♣######.####.
,,+........*♣...h...P#****#.#....
**#........*♣#.....P♣#..,*#.#.##.
,,.........#PPP...##♣#...,#.#.##.
,,.#+#+#####♣♣#P))# #....#.#.##.
,,.*,*,* ##.#####....#.#.##.
,..,,*,* #...........#.#.##.
,,,***,* #...............##. ,,,*
*,**######...[.......#...... ,,,*
*,,,.................#..####


There were no monsters in sight!

Vanquished Creatures
  A dart slug (D:1)
  A bat (D:1)
  3 endoplasms (D:1)
  A giant cockroach (D:1)
  5 goblins (D:1)
  2 hobgoblins (D:1)
  A frilled lizard (D:1)
  5 kobolds (D:1)
  5 rats (D:1)
24 creatures vanquished.

Notes
Turn   | Place    | Note
-------+----------+-------------------------------------------
     0 | D:1      | Gadfly the Demonspawn Shapeshifter began the quest for the
                  | Orb.
     0 | D:1      | Reached XP level 1. HP: 15/15 MP: 1/1
   140 | D:1      | Found Uvopta's Antique Weapon Shoppe.
   373 | D:1      | Gained mutation: You have a pair of small antennae on your
                  | head. [demonic ancestry]
   373 | D:1      | Reached XP level 2. HP: 20/21 MP: 2/2
   511 | D:1      | Reached skill level 1 in Evocations
   758 | D:1      | Gained mutation: You sometimes gain a little power by
                  | taking damage. [demonic ancestry]
   758 | D:1      | Reached XP level 3. HP: 17/26 MP: 3/3
   761 | D:1      | Quit the game

Illustrated notes

Levels and vault maps discovered:
D:1:      minmay_arrival_radiant_lines, layout_basic, serial_shops,
          nicolae_shop_trees, lexackson_kobold_supper

Skill      XL: |  1  2 |
---------------+-------+-----
Dodging        | 2 |  2.2
Evocations     | 1 |  1.1
Fighting       | |  1.4
Unarmed Combat | |  2.9
Shapeshifting  | |  2.8

Action                     || total
---------------------------++-------
  Melee: Unarmed           ||    70
         Punch             ||     3
    Use: Scroll            ||     4
         Potion            ||     1
 Armour: Animal skin       ||    33
  Dodge: Dodged            ||    39
